 Dungeon Crawl Stone Soup version 0.31-a0-121-g1e386dd289 (webtiles) character file.

Game seed: 7420618411417391192

137 Essalna the Conjurer (level 5, 0/42 HPs)
             Began as a Demonspawn Conjurer on June 1, 2023.
             Slain by an endoplasm (1 damage)
             ... on level 3 of the Dungeon.
             The game lasted 00:03:38 (2500 turns).

Essalna the Conjurer (Demonspawn Conjurer)          Turns: 2500, Time: 00:03:38

Health: 0/42       AC:  3    Str:  7    XL:     5   Next: 0%
Magic:  8/8        EV: 12    Int: 21    God:
Gold:   122        SH:  0    Dex: 12    Spells: 5/8 levels left

rFire   . . .        b - +1 dagger of Icseats {elec, Fly}
rCold   . . .        (no shield)
rNeg    + . .        a - +0 robe
rPois   .            (no helmet)
rElec   .            (no cloak)
rCorr   .            (no gloves)
SInv    .            (no boots)
Will    .....        (no amulet)
Stlth   ++           e - ring of positive energy
HPRegen 0.27/turn    (no ring)
MPRegen 0.11/turn

%: no passive effects
@: flying
A: rugged brown scales 1, powered by pain 1, weakness stinger 1
a: no special abilities


You were on level 3 of the Dungeon.
You visited 1 branch of the dungeon, and saw 3 of its levels.

You collected 122 gold pieces.

Inventory:

Hand Weapons
 b - the +1 dagger of Icseats (weapon) {elec, Fly}
   (You found it on level 2 of the Dungeon)

   Fly:       It grants you flight.
 d - a +0 dagger
Armour
 a - a +0 robe (worn)
Jewellery
 c - a ring of poison resistance
 e - a ring of positive energy (left hand)
 j - an amulet of guardian spirit
Scrolls
 f - a scroll of blinking {unknown}
 h - a scroll of identify {unknown}
 i - a scroll of vulnerability {unknown}
 k - a scroll of torment {unknown}
Potions
 g - a potion of haste {unknown}
 l - a potion of berserk rage {unknown}
 m - a potion of mutation {unknown}


   Skills:
 + Level 3.1 Fighting
 - Level 1.7 Dodging
 - Level 1.7 Stealth
 - Level 2.0 Spellcasting
 + Level 5.3 Conjurations


You had 5 spell levels left.
You knew the following spells:

 Your Spells              Type           Power      Damage    Failure   Level
a - Magic Dart            Conj           96%        1d7       1%          1
b - Searing Ray           Conj           48%        2d6       2%          2

Your spell library contained the following spells:

 Spells                   Type           Power      Damage    Failure   Level
 Dazzling Flash           Conj/Hex       26%        N/A       16%         3
 Fulminant Prism          Conj/Hex       6%         3d6       45%         4
 Iskenderun's Mystic Bla  Conj/Tloc      13%        2d5       45%         4


Dungeon Overview and Level Annotations

Branches:
Dungeon (3/15)

Altars:


Innate Abilities, Weirdness & Mutations

You are partially covered in rugged brown scales. (AC +1, +3% HP)
You sometimes gain a little power by taking damage.
You have a small tail.


Message History

The endoplasm hits you. The endoplasm barely misses you.
The endoplasm hits you but does no damage.
The endoplasm freezes you.
You are frozen.
The endoplasm freezes you.
You are frozen.
The endoplasm misses you. The endoplasm freezes you.
You are frozen.
The endoplasm freezes you.
You are frozen.
The endoplasm freezes you.
You are frozen.
* * * LOW HITPOINT WARNING * * *
The endoplasm freezes you.
You are frozen.
* * * LOW HITPOINT WARNING * * *
The endoplasm freezes you.
You are frozen.
* * * LOW HITPOINT WARNING * * *
The endoplasm closely misses you. The endoplasm barely misses you.
The endoplasm misses you. The endoplasm closely misses you.
The endoplasm hits you.
* * * LOW HITPOINT WARNING * * *
The endoplasm hits you but does no damage.
The endoplasm hits you but does no damage.
The endoplasm freezes you.
You are frozen.
* * * LOW HITPOINT WARNING * * *
The endoplasm freezes you.
You are frozen.
* * * LOW HITPOINT WARNING * * *
The endoplasm freezes you.
You are frozen.
* * * LOW HITPOINT WARNING * * *
The endoplasm hits you.
You die...

#.# #.# #.# ... #.#
#$# ##J## #.@.#
#...# . #...# .
###.# #.
#########.# #. #..
..##.# #.###.#
#.##.#
...##...#.####.##.#
#####
#................#
#....


You could see an endoplasm.

Vanquished Creatures
  An orc wizard (D:3)
  2 adders
  3 gnolls (D:2)
  3 orcs (D:3)
  2 endoplasms
  3 giant cockroaches
  10 goblins
  7 hobgoblins
  6 jackals
  6 ball pythons
  3 bats
  3 frilled lizards
  5 kobolds
  6 rats
60 creatures vanquished.

Notes
Turn   | Place    | Note
-------+----------+-------------------------------------------
     0 | D:1      | Essalna the Demonspawn Conjurer began the quest for the
                  | Orb.
     0 | D:1      | Reached XP level 1. HP: 13/13 MP: 3/3
    80 | D:1      | Found a faded altar of an unknown god.
   212 | D:1      | Reached skill level 1 in Fighting
   215 | D:1      | Gained mutation: You sometimes gain a little power by
                  | taking damage. [demonic ancestry]
   215 | D:1      | Reached XP level 2. HP: 21/21 MP: 1/5
  1084 | D:2      | Reached XP level 3. HP: 14/27 MP: 3/6
  1160 | D:2      | Identified the +1 dagger of Icseats {elec, Fly}
  1471 | D:2      | Learned a level 2 spell: Searing Ray
  1598 | D:2      | Gained mutation: You are partially covered in rugged brown
                  | scales. (AC +1, +3% HP) [demonic ancestry]
  1598 | D:2      | Reached XP level 4. HP: 10/35 MP: 3/7
  1932 | D:3      | Reached skill level 5 in Conjurations
  2322 | D:3      | Gained mutation: You have a small tail. [demonic ancestry]
  2322 | D:3      | Reached XP level 5. HP: 42/42 MP: 2/8
  2498 | D:3      | HP: 2/42 [frozen (3)]
  2500 | D:3      | Slain by an endoplasm

Illustrated notes

Levels and vault maps discovered:
D:1:      denvon_arrival_waterhouse, layout_basic,
          shapermc_ecumenical_altar_venn, hangedman_decor_slide_cut,
          minmay_misc_feat_more_columns
D:2:      layout_rooms, minivault_11, hangedman_decor_push, solitary_fountain,
          serial_bayou_pond_b
D:3:      layout_loops_cross, grunt_dithmenos_smoke

Skill      XL: |  1  2  3  4 |
---------------+-------------+-----
Fighting       | 1 2 3 |  3.1
Conjurations   | 5 |  5.3
Dodging        | |  1.7
Stealth        | |  1.7
Spellcasting   | |  2.0

Action                     |  1- 3 |  4- 6 || total
---------------------------+-------+-------++-------
  Melee: Dagger            |    36 |    16 ||    52
   Cast: Magic Dart        |    52 |    19 ||    71
         Searing Ray       |     1 |     1 ||     2
    Use: Potion            |     3 |       ||     3
 Armour: Robe              |    12 |    13 ||    25
  Dodge: Dodged            |    59 |    36 ||    95

Table legend: (Time is in decaauts)
 A = Elapsed time spent in this place.
 B = Non-inter-level travel time spent in this place.
 C = Inter-level travel time spent in this place.
 D = Time resting spent in this place.
 E = Time spent auto-exploring this place.
 F = Levels seen in this place.
 G = Mean time per level.
                   A        B        C        D        E       F      G
               +--------+--------+--------+--------+--------+-----+--------+
         Total |   2497 |   2404 |     93 |     28 |   2046 |   3 |  832.3 |
       Dungeon |   2497 |   2404 |     93 |     28 |   2046 |   3 |  832.3 |
               +--------+--------+--------+--------+--------+-----+--------+

Top non-repeatable levels by time:
     D:1: 1069 daAuts
     D:2: 778 daAuts
     D:3: 650 daAuts
